 Dungeon Crawl Stone Soup version 0.21-a0-401-g0b6bec4 (webtiles) character file.

3 IceWhale the Grave Robber (level 1, 0/14 HPs)
             Began as a Ghoul Necromancer on Oct 23, 2017.
             Slain by a leopard gecko (4 damage)
             ... on level 1 of the Dungeon on Oct 24, 2017.
             The game lasted 00:11:28 (193 turns).

IceWhale the Grave Robber (Ghoul Necromancer)        Turns: 193, Time: 00:11:29

Health: 0/14       AC:  2    Str: 11    XL:     1   Next: 50%
Magic:  0/2        EV: 12    Int: 10    God:
Gold:   9          SH:  0    Dex:  9    Spells: 1/3 levels left

rFire    . . .     SeeInvis .   (no weapon)
rCold    + . .     Gourm    .   (no shield)
rNeg     + + +     Faith    .   a - +0 robe
rPois    ∞         Spirit   .   (no helmet)
rElec    .         Reflect  .   (no cloak)
rCorr    .         Harm     .   (no gloves)
MR       .....                  (no boots)
Stlth    ++........             (no amulet)
HPRegen  0.00/turn              (no ring)
MPRegen  0.08/turn              (no ring)

@: very slightly contaminated, rotting
A: rotting body, claws 1, carnivore 3, cold resistance 1, negative energy
resistance 3, inhibited regeneration, torment resistance, unbreathing
a: no special abilities


You were on level 1 of the Dungeon.
You were not hungry.

You visited 1 branch of the dungeon, and saw 1 of its levels.

You collected 9 gold pieces.

Inventory:

Hand Weapons
 f - a +0 club
Missiles
 d - 13 stones (quivered)
Armour
 a - a +0 robe (worn)
Books
 b - a book of Necromancy

   Spells                             Type                      Level
   a - Pain                           Necromancy                   1
   b - Animate Skeleton               Necromancy                   1
   c - Vampiric Draining              Necromancy                   3
   d - Regeneration                   Charms/Necromancy            3
   e - Animate Dead                   Necromancy                   4
   f - Control Undead                 Necromancy                   4
Comestibles
 c - a meat ration


   Skills:
 * Level 1.7 Dodging
 + Level 2.3 Stealth
 + Level 1.7 Spellcasting
 + Level 4.0 Necromancy


You had one spell level left.
You knew the following spells:

 Your Spells              Type           Power        Failure   Level  Hunger
a - Pain                  Necr           #...         6%          1    ##.....
b - Animate Skeleton      Necr           N/A          6%          1    ##.....


Dungeon Overview and Level Annotations

Branches:
Dungeon (1/15)

Altars:


Innate Abilities, Weirdness & Mutations

Your body is rotting away.
You thrive on raw meat.
You are immune to poison.
You have sharp fingernails.
You are carnivorous and can eat meat at any time.
Your flesh is cold resistant. (rC+)
You are immune to negative energy. (rN+++)
You do not regenerate when monsters are visible.
You are immune to unholy pain and torment.
You can survive without breathing.


Message History

The leopard gecko bites you but does no damage.
The giant cockroach closely misses you.
You are too injured to fight recklessly!
The leopard gecko completely misses you.
The leopard gecko misses you. The leopard gecko closely misses you.
The giant cockroach bites you but does no damage.
Casting: Pain
Confirm with . or Enter, or press ? or * to list all spells.
Aiming: Pain
Press: ? - help, Shift-Dir - straight line, f/p - giant cockroach
Aim: a giant cockroach (severely wounded, clinging, chance to defeat MR: 76%)
You miscast Pain.
You are very lightly contaminated with residual magic.
Nothing appears to happen.
The giant cockroach closely misses you. The leopard gecko barely misses you.
The giant cockroach closely misses you.
As you read the scroll labeled QOLEWE KOLAAN, it crumbles to dust.
It is a scroll of identify.
f - a +0 club The leopard gecko bites you.
You die...

#...........##.#......
#...........##.#####..##
#...........##.#####...#
##.........###.......#.# .
##...#.....##...>.###.####..
#.######.....#######.......
#.# #.##................ #.#
#.##ls####..........
#...@......##.......
#...#......# .).....
#...#.......#.......
#...#.#####....).... #...#.#
##....... #.....# .......
#....## #####.. #.... ..


You could see a leopard gecko and a giant cockroach.

Vanquished Creatures
  A goblin (D:1)
  A kobold (D:1)
  2 rats (D:1)
4 creatures vanquished.

Notes
Turn   | Place    | Note
-------+----------+-------------------------------------------
     0 | D:1      | IceWhale the Ghoul Necromancer began the quest for the Orb.
     0 | D:1      | Reached XP level 1. HP: 14/14 MP: 2/2
    69 | D:1      | Learned a level 1 spell: Animate Skeleton
   193 | D:1      | Slain by a leopard gecko

Vault maps used:
D:1:      lightli_arrival_maybe_door_vault, hangedman_decor_slide_cut,
          minmay_domino_2

Action                   || total
-------------------------++-------
Melee: Unarmed           ||    10
 Cast: Pain              ||     7
  Use: Scroll            ||     2
Armor: Robe              ||     3
Dodge: Dodged            ||    25

Table legend:
 A = Spawn XP
 B = Non-spawn XP
 C = Spawn XP percentage of total XP
 D = Spawn monster count
 E = Non-spawn monster count
 F = Spawn count percentage of total count
 G = Total turns spent on level
                    A         B        C        D         E        F      G
               +---------+---------+-------+---------+---------+-------+---------
         Total |       0 |       5 |   0.0 |       0 |       4 |   0.0 |   193
               +---------+---------+-------+---------+---------+-------+---------
           D:1 |       0 |       5 |   0.0 |       0 |       4 |   0.0 |   193
               +---------+---------+-------+---------+---------+-------+---------
